 Dungeon Crawl Stone Soup version 0.29-a0-322-g68df515428 (webtiles) character file.

Game seed: 9831550895841681330

104 Morbidden the Conjurer (level 4, 0/32 HPs)
             Began as a Demonspawn Conjurer on Apr 8, 2022.
             Slain by a black bear (4 damage)
             ... on level 4 of the Dungeon.
             The game lasted 00:03:33 (3124 turns).

Morbidden the Conjurer (Demonspawn Conjurer)        Turns: 3124, Time: 00:03:34

Health: 0/32       AC:  6    Str: 13    XL:     4   Next: 52%
Magic:  7/7        EV:  9    Int: 22    God:
Gold:   128        SH:  0    Dex: 13    Spells: 5/8 levels left

rFire   . . .      SeeInvis .   a - +0 long sword
rCold   . . .      Faith    .   (no shield)
rNeg    . . .      Spirit   .   p - +0 scale mail
rPois   .          Reflect  .   (helmet restricted)
rElec   .          Harm     .   (no cloak)
rCorr   .          Rampage  .   (no gloves)
Will    .....                   (no boots)
Stlth   ++........              (no amulet)
HPRegen 0.10/turn               h - +6 ring of strength
MPRegen 0.10/turn               (no ring)

@: weak-willed
A: horns 1, thin skeletal structure 1
a: no special abilities


You were on level 4 of the Dungeon.
You visited 1 branch of the dungeon, and saw 4 of its levels.

You collected 128 gold pieces.

Inventory:

Hand Weapons
 a - a +0 long sword (weapon)
Missiles
 l - a throwing net
Armour
 p - a +0 scale mail (worn)
 r - a +2 robe of fire resistance
Jewellery
 h - a +6 ring of strength (left hand)
 m - a ring of fire
Wands
 q - a wand of flame (19) (quivered)
Scrolls
 c - a scroll of vulnerability
 d - 3 scrolls of magic mapping
 e - 2 scrolls of fog
 g - 2 scrolls of identify
 j - a scroll of brand weapon {unknown}
 n - a scroll of silence {unknown}
Potions
 b - a potion of magic
 f - 2 potions of brilliance
 i - a potion of resistance {unknown}
 k - a potion of haste {unknown}
 o - a potion of mutation {unknown}


   Skills:
 * Level 1.1 Fighting
 + Level 0.2 Long Blades
 + Level 0.2 Armour
 * Level 2.0 Dodging
 + Level 1.9 Stealth
 * Level 2.5 Spellcasting
 * Level 5.1 Conjurations


You had 5 spell levels left.
You knew the following spells:

 Your Spells              Type           Power      Damage    Failure   Level
a - Magic Dart            Conj           100%       1d8       8%          1
b - Searing Ray           Conj           50%        2d6       12%         2

Your spell library contained the following spells:

 Spells                   Type           Power      Damage    Failure   Level
 Dazzling Flash           Conj/Hex       28%        N/A       56%         3
 Fulminant Prism          Conj/Hex       7%         3d7       92%         4
 Iskenderun's Mystic Bla  Conj/Tloc      14%        2d5       92%         4


Dungeon Overview and Level Annotations

Branches:
Dungeon (4/15)             Temple (0/1) D:4

Altars:
Makhleb

Shops:
D:2 !


Innate Abilities, Weirdness & Mutations

You have a pair of small horns on your head.
You have a somewhat thin skeletal structure. (Dex +2, Stealth+)


Message History

Unknown command.
You hit the black bear.
The black bear is heavily wounded.
The black bear bites you. The black bear closely misses you.
The black bear claws you.
Unknown command.
Unknown command.
You closely miss the black bear. You headbutt the black bear.
The black bear is severely wounded.
The black bear barely misses you.
The black bear claws you but does no damage. x2
The black bear closely misses you.
The black bear claws you but does no damage. x2
Unknown command.
You hit the black bear.
The black bear is severely wounded.
The black bear goes berserk!
Unknown command.
You hit the black bear.
You headbutt the black bear, but do no damage.
The black bear is severely wounded.
The black bear bites you but does no damage.
The black bear barely misses you.
The black bear claws you but does no damage.
The black bear misses you.
The black bear claws you but does no damage. x2
You closely miss the black bear.
The black bear is severely wounded.
The black bear closely misses you. The black bear completely misses you.
The black bear closely misses you. x2; The black bear barely misses you. x2
Unknown command.
You hit the black bear.
You headbutt the black bear, but do no damage.
The black bear is almost dead.
The black bear bites you! The black bear claws you.
* * * LOW HITPOINT WARNING * * *
The black bear barely misses you. The black bear bites you.
* * * LOW HITPOINT WARNING * * *
The black bear claws you.
You die...

,*,,,,**,,,,...,,,,,,**,*,**,,,,,
,,,,*,**,***#..,********,****,,,,
,*,,,,,,,* #..,* *,* *****
,*,**,**** #h.,* *,* ,*,,,,,,,*
#.§,* *,* ****** ,*,,*,**,* #.§,*
**,***,,,,< ,,,,,,**,* *#§##
*,,,**,**** **,,****,* ###§h###
*,,,,,,,,,* **,,,,,,,* #.§§§@.#
*,,,**,**,*
,,,********#.§§§..########**,**,*
***,,,,,,,*#..§......†...# *,,,,,
*,*****,*#......######.# ******
*,*****,*#..#...# ####.#
*,**,,,,...###.## #....#
*,*,,,*.#.#* ##.**#.####
*,,,,,,,.#* ##.##.####
***,,,***,** *#.....<..#


You could see a black bear (berserk, weak-willed).

Vanquished Creatures
  3 gnolls (D:3)
  2 adders (D:3)
  A worm (D:2)
  5 ball pythons
  4 endoplasms
  3 giant cockroaches
  3 goblins
  8 hobgoblins
  4 jackals (D:3)
  A quokka (D:3)
  2 bats
  2 frilled lizards (D:3)
  6 kobolds
  9 rats
53 creatures vanquished.

Notes
Turn   | Place    | Note
-------+----------+-------------------------------------------
     0 | D:1      | Morbidden the Demonspawn Conjurer began the quest for the
                  | Orb.
     0 | D:1      | Reached XP level 1. HP: 13/13 MP: 3/3
   358 | D:1      | Gained mutation: You have a pair of small horns on your
                  | head. [demonic ancestry]
   358 | D:1      | Reached XP level 2. HP: 19/19 MP: 1/5
  1086 | D:2      | Found Vangiw's Distillery.
  1294 | D:2      | Gained mutation: You have a somewhat thin skeletal
                  | structure. (Dex +2, Stealth+) [demonic ancestry]
  1294 | D:2      | Reached XP level 3. HP: 25/25 MP: 4/6
  1392 | D:1      | Learned a level 2 spell: Searing Ray
  2007 | D:3      | Reached skill level 5 in Conjurations
  2037 | D:3      | Reached XP level 4. HP: 18/31 MP: 1/7
  2294 | D:3      | Reached skill level 1 in Fighting
  2487 | D:3      | Found a faded altar of an unknown god.
  2726 | D:3      | Found a burning altar of Makhleb.
  3092 | D:4      | Noticed an ogre
  3112 | D:4      | Noticed a black bear
  3124 | D:4      | Slain by a black bear

Illustrated notes

Levels and vault maps discovered:
D:1:      dpeg_arrival_ratfight, layout_basic
D:2:      layout_rooms, serial_shops, nicolae_diamond_shop, grunt_ministairs_3
D:3:      layout_basic, general_overflow_altar,
          chequers_ecumenical_altar_simple_redux
D:4:      layout_loops_cross, minmay_temple_entry_drinking_statues,
          lightli_sewer_entry_pipes

Skill      XL: |  1  2  3  4 |
---------------+-------------+-----
Conjurations   | 5 |  5.1
Dodging        | 2 |  2.0
Fighting       | 1 |  1.1
Long Blades    | |  0.2
Armour         | |  0.2
Stealth        | |  1.9
Spellcasting   | |  2.5

Action                   |  1- 3 |  4- 6 || total
-------------------------+-------+-------++-------
Melee: Unarmed           |    13 |       ||    13
       Headbutt          |     6 |     6 ||    12
       Long sword        |    16 |    18 ||    34
 Cast: Magic Dart        |    61 |    33 ||    94
       Searing Ray       |     1 |       ||     1
  Use: Scroll            |       |     4 ||     4
Armor: Scale mail        |     4 |    24 ||    28
Dodge: Dodged            |    19 |    25 ||    44

Table legend: (Time is in decaauts)
 A = Elapsed time spent in this place.
 B = Non-inter-level travel time spent in this place.
 C = Inter-level travel time spent in this place.
 D = Time resting spent in this place.
 E = Time spent auto-exploring this place.
 F = Levels seen in this place.
 G = Mean time per level.
                   A        B        C        D        E       F      G
               +--------+--------+--------+--------+--------+-----+--------+
         Total |   3137 |   3052 |     85 |     82 |   2544 |   4 |  784.2 |
       Dungeon |   3137 |   3052 |     85 |     82 |   2544 |   4 |  784.2 |
               +--------+--------+--------+--------+--------+-----+--------+

Top non-repeatable levels by time:
     D:3: 1298 daAuts
     D:1: 1116 daAuts
     D:2: 685 daAuts
     D:4: 36 daAuts
